 Dungeon Crawl Stone Soup version 0.18.1-47-g9310371 (webtiles) character file.

109 buf2 the Skirmisher (level 5, -1/42 HPs)
             Began as a Human Wanderer on June 14, 2016.
             Was an Initiate of Sif Muna.
             Slain by a gnoll
             ... wielding a +0 spear
              (5 damage)
             ... on level 2 of the Dungeon.
             The game lasted 00:07:04 (1775 turns).

buf2 the Skirmisher (Human Wanderer)                Turns: 1775, Time: 00:07:05

Health: -1/42      AC:  8    Str: 11    XL:     5   Next: 13%
Magic:  5/5        EV: 11    Int: 16    God:    Sif Muna [......]
Gold:   82         SH:  0    Dex: 11    Spells: 0 memorised, 4 levels left

rFire  . . .     SeeInvis .     c - +0 quarterstaff
rCold  . . .     Gourm    .     n - +0 ring mail
rNeg   . . .     Faith    .     (shield currently unavailable)
rPois  .         Spirit   .     s - +2 helmet
rElec  .         Dismiss  .     (no cloak)
rCorr  .         Reflect  .     (no gloves)
SustAt .         Harm     .     (no boots)
MR     .....                    (no amulet)
Stlth  +.........               (no ring)
                                (no ring)

@: not resistant to hostile enchantments, very unstealthy
A: no striking features
a: Renounce Religion


You were on level 2 of the Dungeon.
You worshipped Sif Muna.
Sif Muna was noncommittal.
You were not hungry.

You visited 1 branch of the dungeon, and saw 2 of its levels.

You collected 82 gold pieces.

Inventory:

Hand Weapons
 c - a +0 quarterstaff (weapon)
 h - a +0 dagger of draining
Missiles
 i - 24 arrows
 j - 67 stones (quivered)
Armour
 e - a +0 robe
 m - a +0 helmet
 n - a +0 ring mail (worn)
 s - a +2 helmet (worn)
Scrolls
 a - a scroll of fear
 b - 2 scrolls of blinking
 o - 6 scrolls of identify {unknown}
 p - a scroll of enchant armour {unknown}
 r - 3 scrolls of teleportation {unknown}
 t - a scroll of random uselessness {unknown}
Potions
 d - 3 potions of lignification
 k - a potion of haste {unknown}
 q - a potion of degeneration {unknown}
Comestibles
 f - 6 bread rations
 g - 2 chunks of flesh
 l - 3 meat rations


   Skills:
 + Level 3.9 Fighting
 + Level 1.2 Staves
 + Level 1.1 Throwing
 + Level 1.2 Armour
 + Level 2.8 Dodging
 + Level 1.4 Stealth
 + Level 3.4 Unarmed Combat


You had 4 spell levels left.
You didn't know any spells.

Dungeon Overview and Level Annotations

Branches:
Dungeon (2/15)

Altars:
Sif Muna


Message History

You hit the gnoll.
The gnoll is heavily wounded.
The gnoll hits you but does no damage.
The gnoll hits you with a spear of piercing.
* * * LOW HITPOINT WARNING * * *
x2 You closely miss the gnoll.
The gnoll is heavily wounded.
The gnoll hits you from afar with a spear.
* * * LOW HITPOINT WARNING * * *
The gnoll misses you.
You hit the gnoll.
The gnoll is almost dead.
The gnoll hits you from afar with a spear.
* * * LOW HITPOINT WARNING * * *
The gnoll hits you but does no damage.
You hit the gnoll but do no damage.
The gnoll is almost dead.
The gnoll misses you. The gnoll closely misses you.
The gnoll hits you from afar with a spear.
You die...

#. .# #. #.# #. #.#
#. #.# #g #.# #. #.#
#g####.## ########
#.g@....#####.......
######..##>.........
###..##.##......^
#.#..##.#########
#.#..##....#####
#.....#........#
#.............###
#####.#.......#..
#.#.......#..


You could see 2 gnolls.

Vanquished Creatures
  Jessica (D:2)
  A gnoll (D:2)
  An adder (D:2)
  3 oozes
  2 worms (D:2)
  A dart slug (D:1)
  6 giant geckos
  A ball python (D:1)
  3 bats
  A giant cockroach (D:2)
  2 goblins (D:1)
  2 hobgoblins
  6 kobolds
  A quokka (D:2)
  6 giant newts
  7 rats
44 creatures vanquished.

Notes
Turn   | Place    | Note
--------------------------------------------------------------
     0 | D:1      | buf2 the Human Wanderer began the quest for the Orb.
     0 | D:1      | buf2 set off with: a scroll of fear, a scroll of blinking, a +0 quarterstaff, a potion of lignification, a +0 robe, a bread ration
     0 | D:1      | Reached XP level 1. HP: 18/18 MP: 1/1
   130 | D:1      | Reached XP level 2. HP: 21/24 MP: 2/2
   419 | D:1      | Reached XP level 3. HP: 29/29 MP: 3/3
  1001 | D:2      | Reached XP level 4. HP: 35/36 MP: 4/4
  1013 | D:2      | Reached skill level 1 in Staves
  1033 | D:2      | Found a deep blue altar of Sif Muna.
  1044 | D:2      | Became a worshipper of Sif Muna the Loreminder
  1169 | D:2      | Noticed Jessica
  1183 | D:2      | Killed Jessica
  1279 | D:2      | Reached skill level 1 in Armour
  1279 | D:2      | Reached XP level 5. HP: 29/42 MP: 5/5
  1775 | D:2      | Slain by a gnoll

Skill      XL: |  1  2  3  4 |
---------------+-------------+-----
Staves         | 1 |  1.2
Armour         | 1 |  1.2
Fighting       | |  3.9
Throwing       | |  1.1
Dodging        | |  2.8
Stealth        | |  1.4
Unarmed Combat | |  3.4

Action                   |  1- 3 |  4- 6 || total
-------------------------+-------+-------++-------
Melee: Quarterstaff      |    93 |    75 ||   168
  Use: Scroll            |     1 |     1 ||     2
 Stab: Sleeping          |     1 |     1 ||     2
  Eat: Chunk             |       |     2 ||     2
       Royal jelly       |       |     1 ||     1
Armor: Robe              |     5 |       ||     5
       Leather armour    |    12 |       ||    12
       Ring mail         |    14 |    31 ||    45
Dodge: Dodged            |    64 |    49 ||   113
